 Dungeon Crawl Stone Soup version 0.28.0-53-g5a82cb258f (webtiles) character file.

Game seed: 600146703170519910

81 jjjjhere the Skirmisher (level 4, -1/38 HPs)
             Began as a Minotaur Enchanter on Oct 28, 2022.
             Was a Follower of Uskayaw.
             Slain by a sky beast (6 damage)
             ... on level 3 of the Dungeon.
             The game lasted 00:02:51 (2415 turns).

jjjjhere the Skirmisher (Minotaur Enchanter)        Turns: 2415, Time: 00:02:51

Health: -1/38      AC:  3    Str: 12    XL:     4   Next: 19%
Magic:  5/5        EV: 12    Int: 12    God:    Uskayaw [*.....]
Gold:   70         SH:  0    Dex: 13    Spells: 3/5 levels left

rFire   . . .      SeeInvis .   j - +0 trident (venom)
rCold   . . .      Faith    +   (no shield)
rNeg    . . .      Spirit   .   b - +0 robe
rPois   +          Reflect  .   (helmet restricted)
rElec   .          Harm     .   k - +0 cloak
rCorr   +          Rampage  .   (no gloves)
Will    .....                   (no boots)
Stlth   ++........              o - amulet of faith
HPRegen 0.12/turn               n - ring of Warrod {Fly rPois rCorr Str-2 Dex+2 Slay+3}
MPRegen 0.09/turn               (no ring)

@: flying
A: horns 2, retaliatory headbutt
a: Renounce Religion, Stomp


You were on level 3 of the Dungeon.
You worshipped Uskayaw.
Uskayaw was noncommittal.
You visited 1 branch of the dungeon, and saw 3 of its levels.

You collected 106 gold pieces.
You spent 36 gold pieces at shops.

Inventory:

Hand Weapons
 a - a +1 dagger
 j - a +0 trident of venom (weapon)
 m - a +0 war axe
Missiles
 e - 9 poisoned darts (quivered)
Armour
 b - a +0 robe (worn)
 k - a +0 cloak (worn)
Jewellery
 n - the ring of Warrod (left hand) {Fly rPois rCorr Str-2 Dex+2 Slay+3}
   (You found it on level 2 of the Dungeon)

   [ring of flight]

   Str:       It affects your strength (-2).
   Dex:       It affects your dexterity (+2).
   Slay:      It affects your accuracy & damage with ranged weapons and melee
   (+3).
   rPois:     It protects you from poison.
   Fly:       It grants you flight.
   rCorr:     It protects you from acid and corrosion.
 o - an amulet of faith (around neck)
Scrolls
 f - 2 scrolls of identify {unknown}
 g - a scroll of fog {unknown}
 i - a scroll of teleportation
 l - a scroll of enchant weapon {unknown}
Potions
 c - a potion of invisibility
 d - 2 potions of ambrosia {unknown}
 h - a potion of resistance {unknown}


   Skills:
 - Level 3.3 Fighting
 - Level 1.1 Short Blades
 + Level 3.0 Axes
 - Level 2.1 Dodging
 - Level 2.4 Stealth
 - Level 1.3 Spellcasting
 - Level 2.0 Hexes


You had 3 spell levels left.
You knew the following spells:

 Your Spells              Type           Power      Damage    Failure   Level
a - Ensorcelled Hibernat  Hex/Ice        6%         N/A       28%         2

Your spell library contained the following spells:

 Spells                   Type           Power      Damage    Failure   Level
 Animate Skeleton         Necr           0%         N/A       28%         1
 Apportation              Tloc           0%         N/A       28%         1
 Summon Small Mammal      Summ           0%         N/A       28%         1
 Confusing Touch          Hex            5%         N/A       36%         3
 Tukima's Dance           Hex            5%         N/A       36%         3
 Dazzling Flash           Conj/Hex       6%         N/A       50%         3
 Iskenderun's Mystic Bla  Conj/Tloc      0%         2d3       96%         4
 Starburst                Conj/Fire      0%         6d3       100%        6


Dungeon Overview and Level Annotations

Branches:
Dungeon (3/15)

Altars:
Uskayaw

Shops:
D:2 ?   D:3 [


Innate Abilities, Weirdness & Mutations

You have a pair of horns on your head.
You reflexively headbutt those who attack you in melee.


Message History

The dart slug is no longer sharing its pain.
You kill the giant cockroach!
Your Axes skill increases to level 3!
Reach: j) +0 trident (venom)
Press: ? - help, Dir - move target, f - you
Okay, then.
A sky beast appears from thin air!
Reactivating autopickup.
The sky beast hits you. The sky beast shocks you.
The sky beast flickers out of sight!
Deactivating autopickup; reactivate with Ctrl-A.
Something hits you but does no damage.
Items here: ( ))))) [[ †.
Reach: j) +0 trident (venom)
Press: ? - help, Dir - move target, f - dart slug
Aim: a dart slug (moderately wounded, about 7% to evade your +0 trident of venom)
You reach to attack!
You puncture the dart slug!
You kill the dart slug!
Something hits you but does no damage.
There is a strange disturbance nearby!
You completely miss something. Your headbutt misses something.
Something hits you. Something shocks you. Something hits you.
* * * LOW HITPOINT WARNING * * *
Something shocks you.
* * * LOW HITPOINT WARNING * * *
Unknown command.
A sky beast appears from thin air!
Reactivating autopickup.
The sky beast flickers out of sight!
Deactivating autopickup; reactivate with Ctrl-A.
You can no longer pass through a line of other dancers.
A sky beast appears from thin air!
Reactivating autopickup.
The sky beast flickers out of sight!
Deactivating autopickup; reactivate with Ctrl-A.
There is an open door here.
Something is blocking the doorway!
Something hits you.
* * * LOW HITPOINT WARNING * * *
Something shocks you.
You die...

###≈≈≈≈≈≈≈≈≈≈≈≈≈≈≈≈≈≈≈≈8..8#
##≈≈≈≈≈≈≈≈≈≈≈≈≈≈≈≈≈≈≈≈≈≈≈..≈####
##≈≈≈≈≈≈≈≈≈≈####≈≈≈≈≈≈≈≈≈≈..≈≈≈≈#
#≈≈≈≈≈≈≈≈###...#####≈≈≈≈≈≈..≈≈≈≈≈
#≈≈≈≈≈≈..^.............≈≈≈..≈≈≈≈≈
#≈≈≈≈##.####...#######.##≈..≈≈≈≈≈
.......................##8..8#≈≈)
#######.####...######..##8..8#..)
#.......).+...{@...#..##....#.#†
#....#.####...####.#..##....#.#)
#....#.# #...# #.#..###..##.#.
#...>#.# #...####.#..# #.....#.
##....#.# ##....##.#§<# #.#.###.
......#.#####....##'#..# #.#.....
......#.##.............# #...####
......#.##.............# #....
......#.##...<........## #...#


There were no monsters in sight!

Vanquished Creatures
  Robin (D:3)
  An adder (D:2)
  A worm (D:2)
  A dart slug (D:3)
  4 ball pythons
  6 endoplasms
  3 giant cockroaches
  11 goblins
  7 hobgoblins
  2 kobolds (D:1)
  A quokka (D:1)
  5 bats
  2 frilled lizards (D:1)
  7 rats
52 creatures vanquished.

Notes
Turn   | Place    | Note
-------+----------+-------------------------------------------
     0 | D:1      | jjjjhere the Minotaur Enchanter began the quest for the
                  | Orb.
     0 | D:1      | Reached XP level 1. HP: 14/14 MP: 1/1
    69 | D:1      | Reached skill level 1 in Fighting
    69 | D:1      | HP: 4/16 [frozen (5)]
    77 | D:1      | HP: 3/16 [ball python (2)]
   398 | D:1      | Reached XP level 2. HP: 18/24 MP: 3/3
   693 | D:1      | Found a faded altar of an unknown god.
   704 | D:1      | Prayed at the altar of an unknown god.
   704 | D:1      | Became a worshipper of Uskayaw the Reveller
   704 | D:1      | Reached * piety under Uskayaw
   785 | D:1      | Reached ** piety under Uskayaw
   801 | D:1      | Learned a level 2 spell: Ensorcelled Hibernation
  1115 | D:2      | Found Dixtyl's Magic Scroll Shoppe.
  1119 | D:2      | Bought a scroll of teleportation for 36 gold pieces
  1189 | D:2      | HP: 7/26 [worm (6)]
  1211 | D:2      | Reached XP level 3. HP: 11/31 MP: 4/4
  1538 | D:2      | Identified the ring of Warrod {Fly rPois rCorr Str-2 Dex+2
                  | Slay+3}
  1569 | D:2      | Found a hide-covered altar of Uskayaw.
  1795 | D:2      | Reached skill level 1 in Axes
  2175 | D:3      | Found Migai's Armour Boutique.
  2354 | D:3      | Noticed Robin
  2356 | D:3      | Noticed a sky beast
  2375 | D:3      | Reached *** piety under Uskayaw
  2379 | D:3      | Reached **** piety under Uskayaw
  2380 | D:3      | Killed Robin
  2381 | D:3      | Reached XP level 4. HP: 28/38 MP: 5/5
  2385 | D:3      | HP: 11/38 [something (2)]
  2385 | D:3      | HP: 5/38 [something (6)]
  2415 | D:3      | HP: 5/38 [something (3)]
  2415 | D:3      | Slain by a sky beast

Illustrated notes

Levels and vault maps discovered:
D:1:      dpeg_arrival_concentric_ovals, layout_basic,
          hellmonk_ecumenical_altar_zigzags
D:2:      layout_loops_ring, basic_altar, serial_shops,
          nicolae_shop_temple_entry_statues_fountains
D:3:      wander_river, layout_basic, old_standard_altar, serial_shops,
          shop_fountains, uniq_grinder, uniq_robin

Skill      XL: |  1  2  3  4 |
---------------+-------------+-----
Fighting       | 2 3 |  3.3
Axes           | 2 3 |  3.0
Short Blades   | |  1.1
Dodging        | |  2.1
Stealth        | |  2.4
Spellcasting   | |  1.3
Hexes          | |  2.0

Action                   |  1- 3 |  4- 6 || total
-------------------------+-------+-------++-------
Melee: Dagger            |    44 |       ||    44
       Headbutt          |     9 |       ||     9
       Trident           |    44 |     3 ||    47
 Stab: Sleeping          |     6 |       ||     6
       Paralysed         |     1 |       ||     1
Armor: Robe              |    18 |     2 ||    20
Dodge: Dodged            |    52 |       ||    52
